NYP
MAHONING VALLEY SCRAPPERS @ WILLIAMSPORT CROSSCUTTERS
07/12/2098
 
TOP OF THE 1ST
Mahoning Valley Scrappers batting - Pitching for Williamsport Crosscutters : RHP Mike Sweigart
Pitching: RHP Mike Sweigart
Batting: RHB Jonathan Stewart 0-0: Ball
1-0: Swinging Strike
1-1: Called Strike
1-2: Strikes out swinging
Batting: SHB Scott Durfee 0-0: Ground out 6-3 (Groundball, 56, EV 86.3 MPH)
Batting: RHB Justin Stevenson 0-0: Ball
1-0: Fly out, F7 (Line Drive, 78D, EV 88.8 MPH)
Top of the 1st over - 0 runs, 0 hits, 0 errors, 0 left on base; Mahoning Valley 0 - Williamsport 0
BOTTOM OF THE 1ST
Williamsport Crosscutters batting - Pitching for Mahoning Valley Scrappers : LHP Ben Mills
Pitching: LHP Ben Mills
Batting: LHB Fidel Maldonado 0-0: Called Strike
0-1: Ball
1-1: Foul Ball, location: 2F
1-2: Foul Ball, location: 9LMF
1-2: Fly out, F5 (Line Drive, 56, EV 96.9 MPH)
Batting: RHB David Iglesias 0-0: Swinging Strike
0-1: Ball
1-1: Ball
2-1: Foul Ball, location: 3SF
2-2: Foul Ball, location: 9LMF
2-2: Foul Ball, location: 5F
2-2: Ball
3-2: Base on Balls
Batting: LHB Justin Clark 0-0: Called Strike
0-1: Ball
1-1: Called Strike
1-2: Ball
2-2: Foul Ball, location: 2F
2-2: Ball
3-2: Strikes out looking
Batting: LHB Sam Terry 0-0: Ball
Wild Pitch!
David Iglesias to second
1-0: Foul Ball, location: 3F
1-1: Foul Ball, location: 2F
1-2: Ball
2-2: Strikes out swinging
Bottom of the 1st over - 0 runs, 0 hits, 0 errors, 1 left on base; Mahoning Valley 0 - Williamsport 0
TOP OF THE 2ND
Mahoning Valley Scrappers batting - Pitching for Williamsport Crosscutters : RHP Mike Sweigart
Batting: LHB Max Schmidt 0-0: Called Strike
0-1: Ball
1-1: Ball
2-1: Foul Ball, location: 2F
2-2: Ball
3-2: Foul Ball, location: 3SF
3-2: Strikes out swinging
Batting: RHB Tony Cerezo 0-0: Called Strike
0-1: Ball
1-1: Ball
2-1: Ball
3-1: SOLO HOME RUN (Flyball, 89XD, EV 107.5 MPH), Distance : 411 ft
Batting: RHB Izzy Franco 0-0: Ball
1-0: Foul Ball, location: 2F
1-1: SINGLE (Groundball, 4D, EV 94.4 MPH)
Batting: RHB Greg Halcomb 0-0: Ball
1-0: Swinging Strike
1-1: Called Strike
1-2: Foul Ball, location: 3DF
1-2: Grounds into double play, 4-6-3 (Groundball, 4S, EV 85.0 MPH)
Top of the 2nd over - 1 run, 2 hits, 0 errors, 0 left on base; Mahoning Valley 1 - Williamsport 0
BOTTOM OF THE 2ND
Williamsport Crosscutters batting - Pitching for Mahoning Valley Scrappers : LHP Ben Mills
Batting: RHB Randy Wagoner 0-0: Called Strike
0-1: Called Strike
0-2: Ball
1-2: Strikes out swinging
Batting: SHB Mike Mason 0-0: Foul Ball, location: 3SF
0-1: Swinging Strike
0-2: SINGLE (Line Drive, 6M, EV 97.5 MPH)
Batting: RHB Steve Ramunno 0-0: Called Strike
0-1: Foul Ball, location: 2F
0-2: Ball
1-2: Ball
Mike Mason is caught stealing 2nd base 2-4
2-2: Ball
3-2: Ground out U3 (Groundball, 34, EV 102.5 MPH)
Bottom of the 2nd over - 0 runs, 1 hit, 0 errors, 0 left on base; Mahoning Valley 1 - Williamsport 0
TOP OF THE 3RD
Mahoning Valley Scrappers batting - Pitching for Williamsport Crosscutters : RHP Mike Sweigart
Batting: RHB George Leggett 0-0: Foul Ball, location: 2F
0-1: Called Strike
0-2: Ball
1-2: Ball
2-2: Ball
3-2: Foul Ball, location: 2LF
3-2: Base on Balls
Batting: RHB Ramon Ramires 0-0: Ball
George Leggett steals 2nd base
1-0: Foul Ball, location: 5DF
1-1: Ball
2-1: Swinging Strike
2-2: Ball
3-2: SINGLE (Groundball, 4D, EV 110.0 MPH)
George Leggett to third
Runner from 3rd tries for Home, SAFE, throw by CF to home
Batting: RHB Jonathan Stewart 0-0: Ball
1-0: Called Strike
1-1: Ball
2-1: Swinging Strike
2-2: Foul Ball, location: 7LMF
2-2: Foul Ball, location: 9LMF
2-2: Strikes out swinging
Batting: SHB Scott Durfee 0-0: Called Strike
0-1: Ball
1-1: SINGLE (Groundball, 34D, EV 101.9 MPH)
Ramon Ramires to second
Runner from 2nd tries for 3rd, SAFE, throw by RF made to third
Batting: RHB Justin Stevenson 0-0: Ball
1-0: Foul Ball, location: 23F
1-1: Ball
2-1: Fly out, F8 (Flyball, 8RM, EV 91.3 MPH)
Runner from 3rd tags up, SCORES, throw by CF
Batting: LHB Max Schmidt 0-0: Ball
1-0: Ground out 4-3 (Groundball, 34, EV 72.5 MPH)
Top of the 3rd over - 2 runs, 2 hits, 0 errors, 1 left on base; Mahoning Valley 3 - Williamsport 0
BOTTOM OF THE 3RD
Williamsport Crosscutters batting - Pitching for Mahoning Valley Scrappers : LHP Ben Mills
Batting: RHB Ralph Sostenes 0-0: Called Strike
0-1: Foul Ball, location: 2RF
0-2: Strikes out swinging
Batting: RHB Ian Ahern 0-0: Called Strike
0-1: Called Strike
0-2: Ball
1-2: SINGLE (Line Drive, 3D, EV 95.0 MPH)
Batting: LHB Fidel Maldonado 0-0: Swinging Strike
0-1: Swinging Strike
0-2: Foul Ball, location: 23F
0-2: Ball
1-2: Ball
2-2: Strikes out swinging
Batting: RHB David Iglesias 0-0: 2-RUN HOME RUN (Flyball, 78XD, EV 110.6 MPH), Distance : 442 ft
Batting: LHB Justin Clark 0-0: Ball
1-0: Fly out, F7 (Flyball, 7D, EV 93.8 MPH)
Bottom of the 3rd over - 2 runs, 2 hits, 0 errors, 0 left on base; Mahoning Valley 3 - Williamsport 2
TOP OF THE 4TH
Mahoning Valley Scrappers batting - Pitching for Williamsport Crosscutters : RHP Mike Sweigart
Batting: RHB Tony Cerezo 0-0: Called Strike
0-1: Swinging Strike
0-2: Strikes out swinging
Batting: RHB Izzy Franco 0-0: Ball
1-0: Ball
2-0: Ball
3-0: Called Strike
3-1: Fly out, F8 (Flyball, 8LXD, EV 109.4 MPH)
Batting: RHB Greg Halcomb 0-0: Called Strike
0-1: Called Strike
0-2: Strikes out swinging
Top of the 4th over - 0 runs, 0 hits, 0 errors, 0 left on base; Mahoning Valley 3 - Williamsport 2
BOTTOM OF THE 4TH
Williamsport Crosscutters batting - Pitching for Mahoning Valley Scrappers : LHP Ben Mills
Batting: LHB Sam Terry 0-0: Ball
1-0: Foul Ball, location: 3F
1-1: Swinging Strike
1-2: Ball
2-2: Strikes out swinging
Batting: RHB Randy Wagoner 0-0: Called Strike
0-1: Foul Ball, location: 2F
0-2: Foul Ball, location: 2F
0-2: Foul Ball, location: 2F
0-2: Ball
1-2: Fly out, F6 (Popup, 6MS, EV 71.9 MPH)
Batting: SHB Mike Mason 0-0: Ball
1-0: Ground out 4-3 (Groundball, 4M, EV 88.1 MPH)
Bottom of the 4th over - 0 runs, 0 hits, 0 errors, 0 left on base; Mahoning Valley 3 - Williamsport 2
TOP OF THE 5TH
Mahoning Valley Scrappers batting - Pitching for Williamsport Crosscutters : RHP Mike Sweigart
Batting: RHB George Leggett 0-0: Ball
1-0: Ball
2-0: Ball
3-0: Base on Balls
Batting: RHB Ramon Ramires 0-0: Called Strike
0-1: Fly out, F9 (Flyball, 89S, EV 85.0 MPH)
Batting: RHB Jonathan Stewart 0-0: Called Strike
0-1: Swinging Strike
0-2: Hit by Pitch
George Leggett to second
Batting: SHB Scott Durfee 0-0: Ball
George Leggett steals 3rd base
1-0: Swinging Strike
1-1: Fly out, F8 (Flyball, 8LD, EV 106.9 MPH)
Runner from 3rd tags up, SCORES, throw by CF
Batting: RHB Justin Stevenson 0-0: Called Strike
0-1: Foul Ball, location: 9LDF
0-2: Fielders Choice at 2nd, 6-4 (Groundball, 6, EV 82.5 MPH)
Top of the 5th over - 1 run, 0 hits, 0 errors, 1 left on base; Mahoning Valley 4 - Williamsport 2
BOTTOM OF THE 5TH
Williamsport Crosscutters batting - Pitching for Mahoning Valley Scrappers : LHP Ben Mills
Batting: RHB Steve Ramunno 0-0: Ball
1-0: Bunt for hit to 13S - play at first, batter OUT! 1-3
Batting: RHB Ralph Sostenes 0-0: Foul Ball, location: 9LSF
0-1: Ball
1-1: Foul Ball, location: 3F
1-2: Ball
2-2: Foul Ball, location: 5F
2-2: Fly out, F2 (Popup, 13S, EV 87.5 MPH)
Batting: RHB Ian Ahern 0-0: Ball
1-0: Called Strike
1-1: Swinging Strike
1-2: Foul Ball, location: 25F
1-2: Fly out, F6 (Flyball, 56D, EV 85.0 MPH)
Bottom of the 5th over - 0 runs, 0 hits, 0 errors, 0 left on base; Mahoning Valley 4 - Williamsport 2
TOP OF THE 6TH
Mahoning Valley Scrappers batting - Pitching for Williamsport Crosscutters : RHP Mike Sweigart
Batting: LHB Max Schmidt 0-0: Ball
1-0: Foul Ball, location: 3FF
1-1: Swinging Strike
1-2: Foul Ball, location: 2F
1-2: Ball
2-2: Ball
3-2: Foul Ball, location: 2F
3-2: DOUBLE (Flyball, 89D, EV 107.5 MPH)
Batting: RHB Tony Cerezo 0-0: Ball
1-0: Fly out, F6 (Popup, 4MD, EV 65.6 MPH)
Batting: RHB Izzy Franco 0-0: Intentional Walk
Batting: RHB Greg Halcomb 0-0: SINGLE (Groundball, 34S, EV 80.0 MPH)
Max Schmidt to third
Izzy Franco to second
Batting: RHB George Leggett 0-0: Swinging Strike
0-1: Grounds into fielders choice 5-2 (Groundball, 56S, EV 70.6 MPH)
Izzy Franco to third
Greg Halcomb to second
Batting: RHB Ramon Ramires 0-0: Called Strike
0-1: Ball
1-1: Fly out, F8 (Flyball, 8LD, EV 98.1 MPH)
Top of the 6th over - 0 runs, 2 hits, 0 errors, 3 left on base; Mahoning Valley 4 - Williamsport 2
BOTTOM OF THE 6TH
Williamsport Crosscutters batting - Pitching for Mahoning Valley Scrappers : LHP Ben Mills
Batting: LHB Fidel Maldonado 0-0: Called Strike
0-1: Ball
1-1: Called Strike
1-2: Foul Ball, location: 3FF
1-2: Reached on error, E4 (Groundball, 4M, EV 88.1 MPH)
Pitching: RHP Tony Olivarez
Batting: RHB David Iglesias 0-0: Ball
1-0: Ball
2-0: Fly out, F8 (Flyball, 8RM, EV 99.4 MPH)
Batting: LHB Justin Clark 0-0: Called Strike
0-1: Foul Ball, location: 3DF
0-2: Ball
1-2: Foul Ball, location: 3DF
1-2: 2-RUN HOME RUN (Flyball, 89XD, EV 105.0 MPH), Distance : 426 ft
Batting: LHB Sam Terry 0-0: Ball
1-0: Swinging Strike
1-1: Ball
2-1: Foul Ball, location: 25FF
2-2: Ball
3-2: Ground out U3 (Groundball, 34S, EV 85.6 MPH)
Batting: RHB Randy Wagoner 0-0: Called Strike
0-1: Ball
1-1: Ground out 5-3 (Groundball, 5S, EV 89.4 MPH)
Bottom of the 6th over - 2 runs, 1 hit, 1 error, 0 left on base; Mahoning Valley 4 - Williamsport 4
TOP OF THE 7TH
Mahoning Valley Scrappers batting - Pitching for Williamsport Crosscutters : RHP Mike Sweigart
Pitching: RHP John Shorey
Batting: RHB Jonathan Stewart 0-0: Called Strike
0-1: SOLO HOME RUN (Line Drive, 7LD, EV 95.6 MPH), Distance : 360 ft
Batting: SHB Scott Durfee 0-0: Ball
1-0: Foul Ball, location: 2F
1-1: Foul Ball, location: 7LMF
1-2: Ball
2-2: Ball
3-2: Foul Ball, location: 2F
3-2: Fly out, F6 (Popup, 6MD, EV 69.4 MPH)
Batting: RHB Justin Stevenson 0-0: Called Strike
0-1: Ball
1-1: Called Strike
1-2: Strikes out swinging
Batting: LHB Max Schmidt 0-0: Foul Ball, location: 7LSF
0-1: Ball
1-1: Swinging Strike
1-2: Ground out U3 (Groundball, 3, EV 105.6 MPH)
Top of the 7th over - 1 run, 1 hit, 0 errors, 0 left on base; Mahoning Valley 5 - Williamsport 4
BOTTOM OF THE 7TH
Williamsport Crosscutters batting - Pitching for Mahoning Valley Scrappers : RHP Tony Olivarez
Pitching: RHP Antonio Zaragoza
Batting: SHB Mike Mason 0-0: Ball
1-0: Ball
2-0: Ball
3-0: Called Strike
3-1: Foul Ball, location: 7LSF
3-2: Foul Ball, location: 23FF
3-2: Fly out, F3 (Popup, 34, EV 69.4 MPH)
Batting: RHB Steve Ramunno 0-0: Ball
1-0: Called Strike
1-1: Called Strike
1-2: SINGLE (Line Drive, 4D, EV 95.0 MPH)
Pinch Hitting: LHB Sean Myers 0-0: Ball
1-0: Foul Ball, location: 2F
1-1: Called Strike
1-2: Ball
2-2: SINGLE (Line Drive, 89S, EV 103.8 MPH)
Steve Ramunno to second
Batting: RHB Ian Ahern 0-0: Called Strike
0-1: Ball
1-1: Ball
2-1: Foul Ball, location: 2F
2-2: Ball
3-2: Grounds into double play, 6-4-3 (Groundball, 6, EV 93.8 MPH)
Bottom of the 7th over - 0 runs, 2 hits, 0 errors, 1 left on base; Mahoning Valley 5 - Williamsport 4
TOP OF THE 8TH
Mahoning Valley Scrappers batting - Pitching for Williamsport Crosscutters : RHP John Shorey
Pitching: LHP Billy Kamp
Now at 1B: Sean Myers
Batting: RHB Tony Cerezo 0-0: Foul Ball, location: 9LSF
0-1: Ball
1-1: Ball
2-1: Ball
3-1: Called Strike
3-2: SINGLE (Groundball, 34D, EV 96.9 MPH)
Batting: RHB Izzy Franco 0-0: Foul Ball, location: 2F
0-1: Ball
1-1: Ball
2-1: Swinging Strike
2-2: Ball
Wild Pitch!
Tony Cerezo to second
3-2: Intentional Walk
Batting: RHB Greg Halcomb 0-0: Called Strike
0-1: Swinging Strike
0-2: Ball
1-2: Strikes out looking
Batting: RHB George Leggett 0-0: Ball
1-0: Fly out, F8 (Flyball, 8RD, EV 94.4 MPH)
Batting: RHB Ramon Ramires 0-0: Ball
1-0: Swinging Strike
1-1: Called Strike
1-2: Strikes out swinging
Top of the 8th over - 0 runs, 1 hit, 0 errors, 2 left on base; Mahoning Valley 5 - Williamsport 4
BOTTOM OF THE 8TH
Williamsport Crosscutters batting - Pitching for Mahoning Valley Scrappers : RHP Antonio Zaragoza
Pitching: RHP Daniel Ortiz
Batting: LHB Fidel Maldonado 0-0: Called Strike
0-1: SINGLE (Groundball, 6, EV 96.9 MPH) (infield hit)
Batting: RHB David Iglesias 0-0: Ball
1-0: Foul Ball, location: 5FF
1-1: Ball
2-1: Foul Ball, location: 5FF
2-2: Foul Ball, location: 23FF
2-2: Foul Ball, location: 7LMFF
2-2: Ball
3-2: Foul Ball, location: 9LMF
3-2: Strikes out swinging
Batting: LHB Justin Clark 0-0: Called Strike
0-1: Swinging Strike
0-2: Hit by Pitch
Fidel Maldonado to second
Batting: LHB Sam Terry 0-0: SINGLE (Flyball, 89S, EV 95.0 MPH)
Fidel Maldonado to third
Justin Clark to second
Runner from 3rd tries for Home, SAFE, throw by CF to home
Batting: RHB Randy Wagoner 0-0: Called Strike
0-1: Ball
1-1: Swinging Strike
1-2: Ball
2-2: Strikes out looking
Batting: SHB Mike Mason 0-0: Ball
1-0: Foul Ball, location: 3FF
1-1: Ball
2-1: Foul Ball, location: 9LSFF
2-2: Ball
3-2: Foul Ball, location: 2F
3-2: Ground out 1-3 (Groundball, 34S, EV 65.0 MPH)
Bottom of the 8th over - 1 run, 2 hits, 0 errors, 2 left on base; Mahoning Valley 5 - Williamsport 5
TOP OF THE 9TH
Mahoning Valley Scrappers batting - Pitching for Williamsport Crosscutters : LHP Billy Kamp
Batting: RHB Jonathan Stewart 0-0: Swinging Strike
0-1: Ball
1-1: Called Strike
1-2: Strikes out swinging
Batting: SHB Scott Durfee 0-0: Swinging Strike
0-1: Ball
1-1: Swinging Strike
1-2: Ball
2-2: Foul Ball, location: 2F
2-2: Strikes out swinging
Batting: RHB Justin Stevenson 0-0: SINGLE (Line Drive, 34D, EV 99.4 MPH)
Pinch Hitting: RHB Brian Fry 0-0: Ball
1-0: Ball
2-0: Swinging Strike
2-1: Foul Ball, location: 9LSF
2-2: Strikes out looking
Top of the 9th over - 0 runs, 1 hit, 0 errors, 1 left on base; Mahoning Valley 5 - Williamsport 5
BOTTOM OF THE 9TH
Williamsport Crosscutters batting - Pitching for Mahoning Valley Scrappers : RHP Daniel Ortiz
Pitching: RHP Will Hinton
Now in RF: Nolan George
Batting: RHB Steve Ramunno 0-0: Ball
1-0: SINGLE (Groundball, 6MD, EV 108.8 MPH)
Batting: LHB Sean Myers 0-0: Called Strike
0-1: Foul Ball, location: 5F
0-2: Ball
1-2: Ball
2-2: Foul Ball, location: 25FF
2-2: Foul Ball, location: 7LSF
2-2: Ball
3-2: Foul Ball, location: 7LMF
3-2: Fly out, F8 (Flyball, 8RM, EV 83.8 MPH)
Pinch Hitting: RHB Pete Jones 0-0: Ball
1-0: Called Strike
1-1: SINGLE (Groundball, 34D, EV 110.6 MPH)
Steve Ramunno to second
Runner from 2nd tries for 3rd, SAFE, throw by RF made to third
Batting: LHB Fidel Maldonado 0-0: Ball
1-0: Foul Ball, location: 2F
1-1: Swinging Strike
1-2: Strikes out swinging
Batting: RHB David Iglesias 0-0: Ball
1-0: Foul Ball, location: 2F
1-1: Called Strike
1-2: Foul Ball, location: 2F
1-2: Ball
2-2: SINGLE (Groundball, 6MD, EV 95.0 MPH)
Steve Ramunno scores
Bottom of the 9th over - 1 run, 3 hits, 0 errors, 1 left on base; Mahoning Valley 5 - Williamsport 6
Tuesday, April 9th , 2024 - OOTP Baseball 24.11 Build 85